 Dungeon Crawl Stone Soup version 0.29-a0-563-g64e4043 (webtiles) character file.

Game seed: 925328560146611916

104 Dawnplanks the Ruffian (level 4, 0/35 HPs)
             Began as a Draconian Transmuter on June 11, 2022.
             Killed from afar by an orc wizard (9 damage)
             ... with a puff of flame
             ... on level 4 of the Dungeon.
             The game lasted 00:06:12 (2662 turns).

Dawnplanks the Ruffian (Draconian Transmuter)       Turns: 2662, Time: 00:06:13

Health: 0/35       AC:  6    Str: 14    XL:     4   Next: 52%
Magic:  4/7        EV: 12    Int: 14    God:
Gold:   102        SH:  0    Dex: 11    Spells: 2/8 levels left

rFire   . . .      SeeInvis .     - Unarmed
rCold   . . .      Faith    .   (no shield)
rNeg    . . .      Spirit   .   (body armour unavailable)
rPois   .          Reflect  .   (helmet currently unavailable)
rElec   .          Harm     .   (no cloak)
rCorr   .          Rampage  .   g - +0 pair of gloves
Will    .....                   (boots currently unavailable)
Stlth   +.........              (no amulet)
HPRegen 0.11/turn               h - ring of flight
MPRegen 0.10/turn               n - ring of wizardry

@: appendages, wereblooded, flying
A: horns 2, talons 2, AC +5, unfitting armour, cold-blooded
a: End Transformation


You were on level 4 of the Dungeon.
You had temporarily grown beastly horns and talons.
You visited 1 branch of the dungeon, and saw 4 of its levels.

You collected 130 gold pieces.
You spent 28 gold pieces at shops.

Inventory:

Armour
 g - a +0 pair of gloves (worn)
Jewellery
 h - a ring of flight (left hand)
 n - a ring of wizardry (right hand)
Scrolls
 d - a scroll of magic mapping
 f - a scroll of silence
 j - a scroll of identify
 l - 2 scrolls of teleportation
 o - a scroll of enchant weapon
 p - a scroll of fog {unknown}
Potions
 a - 3 potions of lignification
 b - a potion of invisibility
 c - 2 potions of berserk rage
 e - 2 potions of might
 i - 2 potions of heal wounds
 k - a potion of mutation
 m - a potion of curing


   Skills:
 + Level 1.3 Fighting
 + Level 2.1 Dodging
 + Level 4.1 Unarmed Combat
 + Level 2.5 Spellcasting
 + Level 2.7 Transmutations
 * Level 0.8 Ice Magic


You had 2 spell levels left.
You knew the following spells:

 Your Spells              Type           Power      Damage    Failure   Level
a - Beastly Appendage     Tmut           18%        N/A       3%          1
b - Wereblood             Tmut           9%         N/A       4%          2
c - Ozocubu's Armour      Ice            4%         N/A       19%         3

Your spell library contained the following spells:

 Spells                   Type           Power      Damage    Failure   Level
 Apportation              Tloc           2%         N/A       9%          1
 Static Discharge         Conj/Air       1%         N/A       14%         2
 Spider Form              Tmut/Pois      5%         N/A       16%         3
 Dazzling Flash           Conj/Hex       2%         N/A       26%         3
 Ice Form                 Ice/Tmut       6%         N/A       38%         4
 Iskenderun's Mystic Bla  Conj/Tloc      1%         2d3       63%         4
 Alistair's Intoxication  Tmut/Pois      3%         N/A       77%         5
 Lightning Bolt           Conj/Air       0%         1d11      91%         5
 Starburst                Conj/Fire      0%         6d3       100%        6
 Ozocubu's Refrigeration  Ice            2%         4d5       100%        7
 Maxwell's Capacitive Co  Air            0%         ∞         100%        8


Dungeon Overview and Level Annotations

Branches:
Dungeon (4/15)
 Temple: D:4-7

Altars:
Hepliaklqana
Beogh

Shops:
D:1 ?


Innate Abilities, Weirdness & Mutations

You have temporarily grown beastly horns and talons.
Your plain brown scales are hard. (AC +5)
You cannot fit into any form of body armour.
You are cold-blooded and may be slowed by cold attacks.


Message History

The hound is almost dead.
The hound bites you. The hound misses you.
You hit the hound but do no damage. Your kick misses the hound.
The hound is almost dead.
Your horns disappear.
Your talons disappear.
The hound bites you.
You barely miss the hound.
The hound is almost dead.
The hound closely misses you.
You hit the hound.
You feel a bit better.
You kill the hound!
You hit something but do no damage. Something hits you but does no damage.
You barely miss something.
Your primal bloodlust has ended.
Something hits you.
Casting: Ozocubu's Armour (quite dangerous; 19% risk of failure)
Confirm with . or Enter, or press ? or * to list all spells.
You grow a pair of large bovine horns.
Your feet morph into talons.
Something hits you.
Casting: Beastly Appendage (safe; 3% risk of failure)
Confirm with . or Enter, or press ? or * to list all spells.
Your blood is infused with primal strength.
Something hits you but does no damage.
You miss something. Your kick misses something. Something barely misses you.
You hit something but do no damage. Your headbutt misses something.
Something barely misses you.
You closely miss something. Something hits you but does no damage.
You hit something. Your kick misses something.
Your tail-slap misses something.
Something hits you.
* * * LOW HITPOINT WARNING * * *
You barely miss something. Your kick misses something.
Your headbutt misses something. Something hits you.
* * * LOW HITPOINT WARNING * * *
You barely miss something. Your kick misses something. You miss something.
Something hits you but does no damage.
You hit something.
You hear some strange, mumbled words.
A puff of flame appears from out of thin air!
The puff of flame hits you!
You die...

#.# #.# #.#
#o# #o#
###########
#S#
#..........
#{#
#.#########
#@# #.# #.#
#.# #.# #.#
#.######.#
#........#
##########


You could see 2 orcs and a ball python.

Vanquished Creatures
  A hound (D:4)
  An adder (D:2)
  3 dart slugs (D:1)
  7 ball pythons
  8 endoplasms
  A giant cockroach (D:2)
  6 hobgoblins
  5 kobolds
  3 quokkas
  8 bats
  2 frilled lizards
  A goblin (D:1)
  8 rats
54 creatures vanquished.

Notes
Turn   | Place    | Note
-------+----------+-------------------------------------------
     0 | D:1      | Dawnplanks the Draconian Transmuter began the quest for the
                  | Orb.
     0 | D:1      | Reached XP level 1. HP: 16/16 MP: 3/3
   280 | D:1      | Reached XP level 2. HP: 20/23 MP: 3/5
   328 | D:1      | Found Joom's Magic Scroll Shoppe.
   667 | D:1      | Bought a scroll of identify for 28 gold pieces
   855 | D:1      | Reached XP level 3. HP: 28/28 MP: 4/6
   979 | D:1      | Found a faded altar of an unknown god.
  1318 | D:2      | Learned a level 2 spell: Wereblood
  1322 | D:2      | Learned a level 3 spell: Ozocubu's Armour
  1518 | D:2      | Found a hazy altar of Hepliaklqana.
  2046 | D:3      | Reached skill level 4 in Unarmed Combat
  2258 | D:3      | Reached XP level 4. HP: 34/35 MP: 7/7
  2662 | D:4      | Killed from afar by an orc wizard

Illustrated notes

Levels and vault maps discovered:
D:1:      enne_arrival_octagon_isle, layout_loops_cross, serial_shops, shop,
          serial_forest, infiniplex_forest_end_1,
          infiniplex_forest_lined_room_2, infiniplex_forest_end_2,
          infiniplex_forest_lined_2, infiniplex_forest_lined_corner,
          hellmonk_ecumenical_altar_defaced_shrine, minivault_5
D:2:      layout_basic, basic_altar
D:3:      layout_rooms, serial_bayou_pond_b
D:4:      layout_basic, minmay_unequal

Skill      XL: |  1  2  3 |
---------------+----------+-----
Dodging        | 2 |  2.1
Unarmed Combat | 4 |  4.1
Fighting       | |  1.3
Spellcasting   | |  2.5
Transmutations | |  2.7
Ice Magic      | |  0.8

Action                   |  1- 3 |  4- 6 || total
-------------------------+-------+-------++-------
Melee: Unarmed           |   102 |    38 ||   140
       Kick              |    19 |     3 ||    22
       Headbutt          |     8 |     2 ||    10
       Tailslap          |    12 |     2 ||    14
 Cast: Beastly Appendage |    32 |     5 ||    37
       Wereblood         |     1 |     2 ||     3
  Use: Scroll            |    10 |       ||    10
 Stab: Sleeping          |     2 |       ||     2
Armor: Skin              |    45 |    13 ||    58
Dodge: Dodged            |    80 |    16 ||    96

Table legend: (Time is in decaauts)
 A = Elapsed time spent in this place.
 B = Non-inter-level travel time spent in this place.
 C = Inter-level travel time spent in this place.
 D = Time resting spent in this place.
 E = Time spent auto-exploring this place.
 F = Levels seen in this place.
 G = Mean time per level.
                   A        B        C        D        E       F      G
               +--------+--------+--------+--------+--------+-----+--------+
         Total |   2650 |   2484 |    166 |      0 |   2071 |   4 |  662.5 |
       Dungeon |   2650 |   2484 |    166 |      0 |   2071 |   4 |  662.5 |
               +--------+--------+--------+--------+--------+-----+--------+

Top non-repeatable levels by time:
     D:1: 1210 daAuts
     D:3: 725 daAuts
     D:2: 640 daAuts
     D:4: 74 daAuts
